 Dungeon Crawl Stone Soup version 0.27.0-1-g7a089689b8 (webtiles) character file.

Game seed: 7223227657389964184

16 apoch the Skirmisher (level 2, -2/26 HPs)
             Began as a Hill Orc Abyssal Knight on Aug 2, 2021.
             Was a Follower of Lugonu.
             Slain by a gnoll (3 damage)
             ... on level 1 of the Dungeon.
             The game lasted 00:01:08 (686 turns).

apoch the Skirmisher (Hill Orc Abyssal Knight)       Turns: 686, Time: 00:01:09

Health: -2/26      AC:  3    Str: 14    XL:     2   Next: 58%
Magic:  4/4        EV: 11    Int: 12    God:    Lugonu [*.....]
Gold:   10         SH:  0    Dex: 10    Spells: 1/1 levels left

rFire    . . .     SeeInvis .   a - +1 hand axe
rCold    . . .     Faith    .   (no shield)
rNeg     . . .     Spirit   .   b - +0 leather armour
rPois    .         Reflect  .   (no helmet)
rElec    .         Harm     .   (no cloak)
rCorr    .         Rampage  .   (no gloves)
Will     .....                  (no boots)
Stlth    +.........             (no amulet)
HPRegen  0.08/turn              (no ring)
MPRegen  0.09/turn              (no ring)

@: no status effects
A: no striking features
a: Renounce Religion, Depart the Abyss


You were on level 1 of the Dungeon.
You worshipped Lugonu.
Lugonu was aware of your devotion.
You visited 1 branch of the dungeon, and saw 1 of its levels.
You visited the Abyss 1 time.

You collected 10 gold pieces.

Inventory:

Hand Weapons
 a - a +1 hand axe (weapon)
Armour
 b - a +0 leather armour (worn)


   Skills:
 - Level 3.6 Fighting
 + Level 3.5 Axes
 - Level 2.1 Armour
 - Level 0.7 Dodging
 + Level 3.3 Invocations


You had one spell level left.
You didn't know any spells.
Your spell library was empty.

Dungeon Overview and Level Annotations

Branches:
Dungeon (1/15)

Altars:


Message History

You closely miss the quokka. The quokka barely misses you.
You barely miss the quokka. The quokka closely misses you.
The quokka bites you but does no damage.
You closely miss the quokka.
The quokka bites you but does no damage.
You barely miss the quokka. The quokka bites you.
You hit the quokka.
The quokka is almost dead.
The quokka closely misses you.
You closely miss the quokka.
The quokka is almost dead.
The quokka barely misses you. x2
You hit the quokka.
You kill the quokka!
Lugonu accepts your kill.
You hit the jackal but do no damage. The jackal misses you.
The jackal barely misses you.
You hit the jackal.
The jackal is heavily wounded.
The jackal bites you. x2
You hit the jackal.
The jackal is severely wounded.
The jackal barely misses you.
You barely miss the jackal.
The jackal is severely wounded.
The jackal bites you but does no damage.
The jackal completely misses you.
You hit the jackal but do no damage.
The jackal is heavily wounded.
The jackal bites you.
You hit the jackal.
You kill the jackal!
Lugonu accepts your kill.
You can now depart the Abyss.
You hit the gnoll but do no damage. The gnoll hits you with a +0 whip.
* * * LOW HITPOINT WARNING * * *
The gnoll misses you.
You hit the gnoll but do no damage. The gnoll hits you with a +0 whip.
* * * LOW HITPOINT WARNING * * *
You hit the gnoll but do no damage. The gnoll hits you with a +0 whip.
You die... #......... ...........# #......... ..........+ +......... ......... #......... ....... ........## ..... #.#####.# .Kh

#.# #.# #g#+# #.# #.#
#@#.# #.# #.#
#########.#.#####.#####.#
........................#
#########)#.#####.########
..................).....
#######.#........#######
.....#...............
#.......#############
#.#######


You could see a gnoll, a jackal and a kobold.

Vanquished Creatures
  A bat (D:1)
  An endoplasm (D:1)
  A goblin (D:1)
  A hobgoblin (D:1)
  5 jackals (D:1)
  2 quokkas (D:1)
  A kobold (D:1)
  A rat (D:1)
13 creatures vanquished.

Notes
Turn   | Place    | Note
-------+----------+-------------------------------------------
     0 | Abyss:1  | apoch the Hill Orc Abyssal Knight began the quest for the
                  | Orb.
     0 | Abyss:1  | Reached XP level 1. HP: 19/19 MP: 2/2
    76 | Abyss:1  | Noticed a neqoxec
    77 | D:1      | Escaped the Abyss
   365 | D:1      | Reached XP level 2. HP: 19/26 MP: 2/4
   683 | D:1      | Reached * piety under Lugonu
   685 | D:1      | HP: 1/26 [gnoll (4)]
   686 | D:1      | Slain by a gnoll

Illustrated notes

Levels and vault maps discovered:
D:1:      eino_arrival_tree_alley, layout_basic

Skill      XL: |  1 |
---------------+----+-----
Axes           | 3 |  3.5
Invocations    | 3 |  3.3
Fighting       | |  3.6
Armour         | |  2.1
Dodging        | |  0.7

Action                   || total
-------------------------++-------
Melee: Hand axe          ||    53
Invok: Depart the Abyss  ||     1
Armor: Leather armour    ||    22
Dodge: Dodged            ||    30
